 Dungeon Crawl Stone Soup version 0.24.0-37-gcf1ca852f1 (webtiles) character file.

Game seed: 8879175097359949269, levelgen mode: deterministic

69 DungeonDestroyer the Charmwright (level 3, -1/29 HPs)
             Began as a Demigod Skald on Nov 28, 2019.
             Slain by a gnoll
             ... wielding a +0 club
              (4 damage)
             ... on level 2 of the Dungeon.
             The game lasted 00:03:13 (1745 turns).

DungeonDestroyer the Charmwright (Demigod Skald)    Turns: 1745, Time: 00:03:14

Health: -1/29      AC:  3    Str: 16    XL:     3   Next: 75%
Magic:  9/9        EV: 12    Int: 17    God:
Gold:   122        SH:  0    Dex: 21    Spells: 5/6 levels left

rFire    . . .     SeeInvis .   a - +1 hand axe
rCold    . . .     Gourm    .   (no shield)
rNeg     . . .     Faith    .   b - +0 leather armour
rPois    .         Spirit   .   (no helmet)
rElec    .         Reflect  .   (no cloak)
rCorr    .         Harm     .   (no gloves)
MR       .....                  (no boots)
Stlth    ++........             (no amulet)
HPRegen  0.09/turn              c - +6 ring of dexterity
MPRegen  0.11/turn              (no ring)

@: no status effects
A: high mp 1
a: no special abilities


You were on level 2 of the Dungeon.
You were not hungry.

You visited 1 branch of the dungeon, and saw 3 of its levels.

You collected 122 gold pieces.

Inventory:

Hand Weapons
 a - a +1 hand axe (weapon)
Armour
 b - a +0 leather armour (worn)
 f - a +0 chain mail
Jewellery
 c - a +6 ring of dexterity (left hand)
Scrolls
 e - 2 scrolls of teleportation
Potions
 j - a potion of ambrosia
Comestibles
 d - 4 rations


   Skills:
 + Level 1.9 Fighting
 + Level 2.1 Axes
 * Level 2.1 Armour
 + Level 2.0 Dodging
 + Level 0.6 Stealth
 * Level 2.2 Spellcasting
 + Level 3.0 Charms


You had 5 spell levels left.
You knew the following spells:

 Your Spells              Type           Power        Failure   Level  Hunger
a - Infusion              Chrm           ##..         7%          1    #......

Your spell library contained the following spells:

 Spells                   Type           Power        Failure   Level  Hunger
 Song of Slaying          Chrm           ##......     10%         2    ###....
 Shroud of Golubria       Chrm/Tloc      #.....       19%         2    ###....
 Regeneration             Chrm/Necr      #.........   36%         3    ###....
 Spectral Weapon          Hex/Chrm       #.......     36%         3    ###....


Dungeon Overview and Level Annotations

Branches:
Dungeon (3/15)


Innate Abilities, Weirdness & Mutations

You have an increased reservoir of magic. (+10% MP)


Message History

You climb downwards.
A bat comes into view.
The bat closely misses you.
An orc comes into view.
The bat hits you but does no damage. The gnoll hits you.
The gnoll closely misses you.
The goblin shoots a stone.
The stone hits you.
The orc moves out of view.
There is a stone staircase leading up here.
You see here a stone.
The bat barely misses you. The gnoll hits you.
The gnoll hits you with a +0 club!
* * * LOW HITPOINT WARNING * * *
The goblin shoots a stone.
The stone closely misses you.
The stone closely misses the bat.
The orc hits you with a +0 short sword.
* * * LOW HITPOINT WARNING * * *
You climb upwards.
There is a stone staircase leading down here.
You barely miss the orc. You hit the gnoll. You barely miss the gnoll.
The gnoll hits you but does no damage. The gnoll hits you with a +0 club.
You die...

#.# #..#
#..
#.####.##
#..
##.....(#
##.
##...#####
#. #....#
#. #....#
####.
#....#
#....
#....#
#.###
#@g..# #.#
# #og..#
#.###
#<...#
#....
#....#
###≈≈
######
#≈≈≈ ##≈#
###


You could see 2 gnolls and an orc.

Vanquished Creatures
  2 gnolls (D:2)
  An adder (D:2)
  2 oozes (D:2)
  An orc (D:2)
  3 giant cockroaches
  6 goblins (D:1)
  5 hobgoblins
  2 jackals (D:2)
  A quokka (D:2)
  A bat (D:1)
  4 kobolds
  2 rats
30 creatures vanquished.

Notes
Turn   | Place    | Note
-------+----------+-------------------------------------------
     0 | D:1      | DungeonDestroyer the Demigod Skald began the quest for the
                  | Orb.
     0 | D:1      | Reached XP level 1. HP: 17/17 MP: 5/5
    45 | D:1      | Reached skill level 1 in Armour
   382 | D:1      | Reached XP level 2. HP: 23/24 MP: 7/7
   907 | D:2      | Reached skill level 3 in Charms
   907 | D:2      | Reached XP level 3. HP: 10/29 MP: 8/8
  1000 | D:2      | Found an opulent altar of Gozag.
  1745 | D:2      | Slain by a gnoll

Levels and vault maps discovered:
D:1:      lemuel_arrival_hallway, layout_basic
D:2:      layout_rooms, nicolae_gozag_seed_capital,
          chequers_serial_rivers_small_a
D:3:      layout_basic, first_ration, palyth_stone_intersect, chequers_garden,
          elyvilon_altar_1, uniq_jessica

Skill      XL: |  1  2  3 |
---------------+----------+-----
Armour         | 1 2 |  2.1
Spellcasting   | 2 |  2.2
Axes           | 2 |  2.1
Charms         | 3 |  3.0
Dodging        | 2 |  2.0
Fighting       | |  1.9
Stealth        | |  0.6

Action                   || total
-------------------------++-------
Melee: Hand axe          ||    95
 Cast: Infusion          ||     2
  Use: Scroll            ||     5
       Potion            ||     4
 Stab: Sleeping          ||     4
  Eat: Chunk             ||     3
Armor: Leather armour    ||    32
Dodge: Dodged            ||    96
